 Dungeon Crawl Stone Soup version 0.29-a0-1009-g60c99734e7 (webtiles) character file.

Game seed: 224632049993954501

9083 drugrobin the Fighter (level 10, -7/92 HPs)
             Began as a Demigod Fighter on Aug 8, 2022.
             Mangled by a troll (8 damage)
             ... on level 10 of the Dungeon.
             The game lasted 00:30:14 (14730 turns).

drugrobin the Fighter (Demigod Fighter)            Turns: 14730, Time: 00:30:15

Health: -7/92      AC: 12    Str: 29      XL:     10   Next: 98%
Magic:  19/26      EV:  8    Int:  8      God:
Gold:   639        SH:  4    Dex: 14 (15) Spells: 21/25 levels left

rFire   + . .      SeeInvis .   a - +0 trident (venom)
rCold   . . .      Faith    .   A - +0 buckler
rNeg    . . .      Spirit   .   f - +2 chain mail {rF+}
rPois   .          Reflect  .   g - +0 helmet
rElec   .          Harm     .   (no cloak)
rCorr   .          Rampage  .   (no gloves)
Will    +....                   (no boots)
Stlth   ..........              (no amulet)
HPRegen 0.25/turn               n - ring of wizardry
MPRegen 0.20/turn               p - ring of wizardry

@: no status effects
A: high MP 1, forlorn, divine attributes, thin skeletal structure 1,
deterioration 1, dopey 1
a: no special abilities


You were on level 10 of the Dungeon.
You visited 1 branch of the dungeon, and saw 10 of its levels.

You collected 639 gold pieces.

Inventory:

Hand Weapons
 a - a +0 trident of venom (weapon)
 b - a +1 vorpal hand axe
 c - a +1 hand axe of holy wrath
 d - a +0 vampiric war axe
 N - a +1 spear of pain
Missiles
 x - 17 poisoned darts
 C - 4 javelins
 I - 7 boomerangs (quivered)
Armour
 f - a +2 chain mail of fire resistance (worn)
 g - a +0 helmet (worn)
 A - a +0 buckler (worn)
 B - a +0 scale mail
Magical Staves
 u - a staff of air
Jewellery
 h - a ring of willpower
 n - a ring of wizardry (left hand)
 p - a ring of wizardry (right hand)
 z - a +6 ring of intelligence
 K - a +6 ring of strength
Wands
 y - a wand of iceblast (3)
 P - a wand of polymorph (1)
 T - a wand of mindburst (9)
Scrolls
 e - 11 scrolls of identify {unknown}
 i - 4 scrolls of noise {unknown}
 j - 4 scrolls of poison {unknown}
 k - a scroll of fog {unknown}
 l - a scroll of torment
 m - 4 scrolls of magic mapping {unknown}
 o - 3 scrolls of immolation {unknown}
 s - a scroll of enchant armour {unknown}
 v - 3 scrolls of summoning {unknown}
 w - 5 scrolls of teleportation {unknown}
 D - a scroll of vulnerability {unknown}
 E - a scroll of fear {unknown}
 G - 3 scrolls of enchant weapon {unknown}
 O - 2 scrolls of amnesia {unknown}
 S - a scroll of silence {unknown}
Potions
 q - a potion of flight {unknown}
 r - a potion of degeneration {unknown}
 t - 4 potions of curing {unknown}
 F - 2 potions of berserk rage {unknown}
 H - a potion of heal wounds {unknown}
 J - a potion of mutation {unknown}
 L - a potion of might
 M - a potion of resistance {unknown}
 R - 2 potions of haste {unknown}
Miscellaneous
 Q - a lightning rod (1/4)


   Skills:
 + Level 9.6 Fighting
 - Level 2.3 Axes
 - Level 2.6 Armour
 - Level 2.6 Shields
 + Level 8.0 Spellcasting
 + Level 5.5 Necromancy
 + Level 7.8 Evocations


You had 21 spell levels left.
You knew the following spells:

 Your Spells              Type           Power      Damage    Failure   Level
a - Animate Dead          Necr           12%        N/A       34%         4

Your spell library contained the following spells:

 Spells                   Type           Power      Damage    Failure   Level
 Ozocubu's Armour         Ice            3%         N/A       67%         3
 Cause Fear               Hex            1%         N/A       96%         4
 Dragon Form              Tmut           1%         N/A       100%        7
 Haunt                    Necr/Summ      3%         N/A       100%        7
 Ozocubu's Refrigeration  Ice            1%         4d7       100%        7
 Infestation              Necr           6%         N/A       100%        8
 Dragon's Call            Summ           1%         N/A       100%        9


Dungeon Overview and Level Annotations

Branches:
Dungeon (10/15)            Temple (0/1) D:6
   Lair: D:8-11         Orc: D:9-12

Shops:
D:2 !


Innate Abilities, Weirdness & Mutations

You have an increased reservoir of magic. (+10% MP)
You shall have no god before yourself.
Your divine heritage dramatically boosts your attributes as you level up.
You have a somewhat thin skeletal structure. (Dex +2, Stealth+)
Your body sometimes deteriorates upon taking damage.
You are dopey. (Int -2)


Message History

You closely miss the yak.
The yak is severely wounded.
Your reaping aura expires.
The yak gores you but does no damage. The yak gores you!
Unknown command.
You closely miss the yak.
The yak is almost dead.
The yak gores you but does no damage.
You hit the yak but do no damage.
The yak looks as sick as possible!
The yak is almost dead.
The yak gores you.
You hit the yak.
The yak looks as sick as possible!
The yak is almost dead.
You kill the yak!
The troll bites you!
* * * LOW HITPOINT WARNING * * *
You block the troll's attack. The troll claws you.
* * * LOW HITPOINT WARNING * * *
Unknown command.
Aiming: Polymorph
Press: ? - help, Shift-Dir - straight line, f - troll
Aim: a troll (moderately wounded, will become a meliai, a golden eye, or a fire bat, chance to affect: 67%)
The troll struggles to resist.
The troll bites you!
* * * LOW HITPOINT WARNING * * *
The troll claws you!
* * * LOW HITPOINT WARNING * * *
The troll claws you but does no damage.
Unknown command.
Unknown command.
Unknown command.
Unknown command.
Unknown command.
Okay, then.
As you read the scroll labelled RIENE UXTYNNI, it crumbles to dust.
You feel a surge of unholy energy.
The troll convulses!
It was a scroll of torment.
You block the troll's attack. The troll claws you.
* * * LOW HITPOINT WARNING * * *
The troll claws you!
You die...

#..........#
#..........#
#..........#
##.#########
#.....# #####'####
#......# ##+###
#......#######....#
#......'..@T.#....#
#......#####.#....#
+......# #†'....#
#......# ###....#
#......# #....+
#......# #....#
#......# #....#
#......# #....#
##Y###


You could see a troll.

Vanquished Creatures
  A shining eye (D:8)
  2 hornets
  23 yaks
  3 wyverns
  Menkaure (D:6)
  4 water moccasins
  The ghost of audacious124 the Digger, an amateur GrEE of Sif Muna (D:4)
  Duvessa (D:6)
  An orc warrior (D:7)
  2 ice beasts
  A sky beast (D:7)
  A black bear (D:4)
  4 centaurs
  An ogre (D:5)
  4 phantoms
  Blork the orc (D:6)
  2 kobold brigands
  2 bullfrogs
  3 necrophages
  A scorpion (D:6)
  Dowan (D:6)
  10 wights
  9 killer bees (D:9)
  2 howler monkeys (D:8)
  A jelly (D:5)
  8 orc priests
  7 iguanas
  Ijyb (D:3)
  10 orc wizards
  4 gnolls (D:3)
  3 adders
  A river rat (D:4)
  2 shadow imps
  A white imp (D:6)
  An ufetubus (D:6)
  7 worms
  30 orcs
  5 bats
  2 endoplasms
  5 giant cockroaches
  4 goblins (D:1)
  7 hobgoblins
  2 quokkas
  10 ball pythons
  3 frilled lizards
  8 kobolds
  5 rats
208 creatures vanquished.

Vanquished Creatures (collateral kills)
  A yak (D:10)
1 creature vanquished.

Vanquished Creatures (others)
  3 yak zombies (D:10)
3 creatures vanquished.

Grand Total: 212 creatures vanquished

Notes
Turn   | Place    | Note
-------+----------+-------------------------------------------
     0 | D:1      | drugrobin the Demigod Fighter began the quest for the Orb.
     0 | D:1      | Reached XP level 1. HP: 18/18 MP: 3/3
    45 | D:1      | Reached skill level 3 in Fighting
   328 | D:1      | Reached XP level 2. HP: 21/26 MP: 4/4
   924 | D:1      | You fall into a shaft and drop 1 floor!
  1321 | D:2      | Found Voetazun's Distillery.
  1347 | D:2      | Reached XP level 3. HP: 29/31 MP: 5/5
  1795 | D:3      | Reached skill level 1 in Spellcasting
  1981 | D:3      | Reached XP level 4. HP: 33/40 MP: 8/8
  1987 | D:3      | Reached skill level 4 in Fighting
  2104 | D:3      | Noticed Ijyb
  2108 | D:3      | Paralysed by Ijyb for 3 turns
  2120 | D:3      | Killed Ijyb
  2353 | D:4      | Noticed a black bear
  2377 | D:4      | Killed a black bear
  2378 | D:4      | Reached XP level 5. HP: 8/47 MP: 9/11
  2954 | D:4      | Found a runed translucent door.
  2961 | D:4      | Noticed audacious124's ghost (amateur GrEE)
  3059 | D:4      | Found a runed translucent door.
  3866 | D:4      | Reached skill level 5 in Fighting
  3866 | D:4      | Reached XP level 6. HP: 46/56 MP: 13/13
  3871 | D:4      | Killed audacious124's ghost
  3949 | D:5      | Entered Level 5 of the Dungeon
  4256 | D:5      | Reached skill level 1 in Evocations
  4444 | D:5      | Reached XP level 7. HP: 47/62 MP: 14/16
  4566 | D:5      | Reached skill level 6 in Fighting
  5543 | D:6      | Noticed Blork the orc
  5552 | D:6      | Killed Blork the orc
  5864 | D:6      | Reached XP level 8. HP: 64/71 MP: 18/18
  6083 | D:6      | Noticed Dowan
  6083 | D:6      | Noticed Duvessa
  6110 | D:6      | Killed Duvessa
  6111 | D:6      | Reached skill level 5 in Spellcasting
  6119 | D:6      | Killed Dowan
  6462 | D:6      | Reached skill level 7 in Fighting
  6490 | D:6      | Noticed Menkaure
  6495 | D:6      | Killed Menkaure
  6673 | D:6      | Found a staircase to the Ecumenical Temple.
  7946 | D:7      | Reached skill level 5 in Evocations
  8179 | D:7      | Reached XP level 9. HP: 80/80 MP: 21/21
  8260 | D:7      | Learned a level 4 spell: Animate Dead
  8614 | D:7      | Identified the +2 spear of Fedhas {vorpal, *Slow rElec
                  | Str+5 SInv}
  8700 | D:6      | Reached skill level 1 in Necromancy
  8959 | D:7      | Reached skill level 8 in Fighting
 10065 | D:8      | Noticed a centaur warrior
 10072 | D:8      | Noticed a shining eye
 10072 | D:8      | a centaur warrior changed into a shining eye
 10073 | D:8      | Gained mutation: Your body sometimes deteriorates upon
                  | taking damage. [a shining eye]
 10075 | D:8      | Gained mutation: You have a somewhat thin skeletal
                  | structure. (Dex +2, Stealth+) [a shining eye]
 10076 | D:8      | Gained mutation: You are dopey. (Int -2) [a shining eye]
 10080 | D:8      | Killed a shining eye
 10976 | D:8      | Reached XP level 10. HP: 83/87 MP: 24/24
 12194 | D:9      | Reached skill level 9 in Fighting
 12378 | D:9      | Paralysed by a hornet for 3 turns
 12761 | D:8      | Reached skill level 5 in Necromancy
 14420 | D:10     | Entered Level 10 of the Dungeon
 14729 | D:10     | HP: 2/92 [troll (7)]
 14730 | D:10     | Mangled by a troll

Illustrated notes

Levels and vault maps discovered:
D:1:      beargit_arrival_greenhouse, layout_basic, basic_ecumenical_altar,
          patterned_corridor
D:2:      layout_basic, basic_altar, serial_shops, nicolae_shop_window_shopping
D:3:      layout_rooms, lemuel_doored_altar, uniq_ijyb
D:4:      layout_basic, nicolae_vehumet_radiance, grunt_gozag_breadcrumbs,
          ebering_ghost_sewer_f, st_stairs_14, minmay_quantized
D:5:      layout_gridville, amcnicky_altar_gilded
D:6:      layout_basic, temple_statues, uniq_menkaure, uniq_duvessa,
          uniq_blork_the_orc
D:7:      layout_basic
D:8:      layout_rooms, fedhas_altar_2, minmay_chambers_of_fives
D:9:      layout_stronghold
D:10:     layout_roguey, tso_metal_star, kennysheep_generic_room_16

Skill      XL: |  1  2  3  4  5  6  7  8  9 10 |
---------------+-------------------------------+-----
Fighting       | 3 4 5 6 7 8 9 |  9.6
Axes           | 2 |  2.3
Spellcasting   | 1 2 3 4 6 7 8 |  8.0
Evocations     | 1 3 5 6 7 |  7.8
Necromancy     | 3 5 |  5.5
Armour         | |  2.6
Shields        | |  2.6

Action                   |  1- 3 |  4- 6 |  7- 9 | 10-12 || total
-------------------------+-------+-------+-------+-------++-------
Melee: War axe           |    71 |       |    10 |    16 ||    97
       Spear             |    65 |    97 |       |       ||   162
       Hand axe          |       |    81 |   221 |    19 ||   321
       Morningstar       |       |       |    18 |       ||    18
       Trident           |       |       |   163 |   143 ||   306
Throw: Dart              |       |    12 |    24 |     4 ||    40
       Javelin           |       |     3 |     5 |       ||     8
       Boomerang         |       |       |    14 |     4 ||    18
 Cast: Animate Dead      |       |       |       |     2 ||     2
Evoke: Wand              |       |     1 |    27 |     2 ||    30
       Lightning rod     |       |       |       |     4 ||     4
  Use: Potion            |       |     2 |     1 |     2 ||     5
       Scroll            |       |       |       |     1 ||     1
Armor: Scale mail        |    20 |       |       |       ||    20
       Chain mail        |    56 |   120 |   198 |    84 ||   458
       Skin              |       |       |    13 |     4 ||    17
Dodge: Dodged            |    35 |    49 |   153 |    79 ||   316
Block: Buckler           |    21 |    33 |    75 |    49 ||   178

Table legend: (Time is in decaauts)
 A = Elapsed time spent in this place.
 B = Non-inter-level travel time spent in this place.
 C = Inter-level travel time spent in this place.
 D = Time resting spent in this place.
 E = Time spent auto-exploring this place.
 F = Levels seen in this place.
 G = Mean time per level.
                   A        B        C        D        E       F      G
               +--------+--------+--------+--------+--------+-----+--------+
         Total |  14967 |  14604 |    363 |   4582 |   6954 |  10 | 1496.7 |
       Dungeon |  14967 |  14604 |    363 |   4582 |   6954 |  10 | 1496.7 |
               +--------+--------+--------+--------+--------+-----+--------+

Top non-repeatable levels by time:
     D:8: 2528 daAuts
     D:6: 2156 daAuts
     D:9: 2118 daAuts
     D:5: 1949 daAuts
     D:7: 1917 daAuts
     D:4: 1441 daAuts
     D:1: 942 daAuts
     D:3: 916 daAuts
     D:2: 706 daAuts
    D:10: 291 daAuts
